 Dungeon Crawl Stone Soup version 0.18-a0-1718-g40ea4b6 (webtiles) character file.

764 Gerbiltaur the Skirmisher (level 7, -1/60 HPs)
             Began as a Demonspawn Wanderer on Apr 8, 2016.
             Slain by Duvessa
             ... wielding a +1 short sword of protection
              (2 damage)
             ... on level 4 of the Dungeon.
             The game lasted 00:14:54 (6878 turns).

Gerbiltaur the Skirmisher (Demonspawn Wanderer)     Turns: 6878, Time: 00:14:55

Health: -1/60      AC: 10    Str: 13    XL:     7   Next: 51%
Magic:  0/12       EV:  3    Int: 14    God:
Gold:   172        SH:  0    Dex: 13    Spells: 0 memorised, 12 levels left

rFire  . . .     SeeInvis .     n - +1 mace (crush)
rCold  . . .     Gourm    .     e - +0 plate armour
rNeg   . . .     Faith    .     (no shield)
rPois  .         Spirit   +     (no helmet)
rElec  .         Dismiss  .     (no cloak)
rCorr  .         Reflect  .     (no gloves)
SustAt .         Harm     .     (no boots)
MR     .....                    (no amulet)
Stlth  ..........               (no ring)
                                (no ring)

@: not resistant to hostile enchantments, extremely unstealthy
A: claws 2, magic shield
a: no special abilities


You were on level 4 of the Dungeon.
You were hungry.

You visited 1 branch of the dungeon, and saw 4 of its levels.

You collected 172 gold pieces.

Inventory:

Hand Weapons
 c - a +0 hand axe
 n - a +1 mace of crushing (weapon)
Armour
 a - a +0 leather armour
 e - a +0 plate armour (worn)
 m - a +1 crystal plate armour
Scrolls
 g - 7 scrolls of identify
 o - a scroll of amnesia
 p - a scroll of remove curse
Potions
 k - 2 potions of cure mutation
 l - a potion of brilliance
Comestibles
 d - 3 fruits
 f - 3 bread rations
 h - 2 meat rations
 j - a beef jerky


   Skills:
 - Level 7.4 Fighting
   Level 1.0 Long Blades
 - Level 1.7 Axes
 - Level 1.0 Throwing
 - Level 1.0 Armour
 - Level 1.7 Dodging
 - Level 1.0 Stealth
 + Level 3.3 Spellcasting
   Level 1.0 Evocations


You had 12 spell levels left.
You didn't know any spells.

Dungeon Overview and Level Annotations

Branches:
Dungeon (4/15)
 Temple: D:4-7

Altars:
Pakellas

Annotations:
D:3 barb4r1an's ghost, weakling DDBe
D:4 Duvessa


Innate Abilities, Weirdness & Mutations

You have very sharp fingernails.
When hurt, damage is shared between your health and your magic reserves.


Message History

Your plate armour prevents you from hitting Duvessa.
Duvessa hits you with a short sword of protection!
* * * LOW HITPOINT WARNING * * *
The orc hits you with a flail.
* * * LOW HITPOINT WARNING * * *
Duvessa hits you but does no damage.
You hit Duvessa but do no damage. Duvessa barely misses you.
The orc barely misses you. Duvessa barely misses you.
You hit Duvessa but do no damage.
Duvessa hits you with a short sword of protection.
* * * LOW HITPOINT WARNING * * *
The orc hits you but does no damage.
Duvessa hits you with a short sword of protection!
* * * LOW HITPOINT WARNING * * *
You hit Duvessa.
Duvessa is lightly wounded.
Duvessa hits you but does no damage. The orc hits you with a flail.
* * * LOW HITPOINT WARNING * * *
Duvessa hits you with a short sword of protection.
You die...

##... .. ....... #g..
#.. ....... #.). #..
....... ##.#. #.#
....... #..#. #?.#
....... #.### #..#
o...... ##.#
#..#o...... #.## #..@#
##)#### ##.e## #......
###..## ###......
##.....######........
#...........#...#......
..............###......
.............## #......
.............# ##.....
$................##
####..


You could see Duvessa (berserk) and 2 orcs.

Vanquished Creatures
  The ghost of Vojta the Conjurer, an amateur HECj (D:4)
  2 ogres
  Dowan (D:4)
  A wight (D:2)
  2 orc wizards
  2 iguanas
  7 gnolls
  10 adders
  An ooze (D:2)
  An adder skeleton (D:4)
  2 worms
  2 dart slugs
  6 giant geckos
  17 orcs
  2 giant cockroaches
  9 goblins
  7 hobgoblins
  3 jackals (D:2)
  7 kobolds
  3 quokkas
  4 ball pythons
  4 bats
  5 giant newts
  A quokka skeleton (D:4)
  12 rats
112 creatures vanquished.

Vanquished Creatures (others)
  4 toadstools (D:1)
4 creatures vanquished.

Grand Total: 116 creatures vanquished

Notes
Turn   | Place    | Note
--------------------------------------------------------------
     0 | D:1      | Gerbiltaur the Demonspawn Wanderer began the quest for the Orb.
     0 | D:1      | Gerbiltaur set off with: a +0 leather armour, 3 throwing nets, a +0 hand axe, a potion of lignification, a bread ration
     0 | D:1      | Reached XP level 1. HP: 15/15 MP: 1/1
   117 | D:1      | HP: 1/22 [giant gecko (3)]
   438 | D:1      | Reached skill level 2 in Fighting
   474 | D:1      | Gained mutation: You have sharp fingernails. [demonic ancestry]
   474 | D:1      | Reached XP level 2. HP: 13/22 MP: 2/2
  1728 | D:2      | Reached skill level 3 in Fighting
  1748 | D:2      | Reached XP level 3. HP: 29/29 MP: 3/3
  1931 | D:2      | Reached skill level 4 in Fighting
  1931 | D:2      | Reached XP level 4. HP: 36/37 MP: 4/4
  2025 | D:2      | Found an oddly glowing altar of Pakellas.
  2026 | D:2      | Noticed a rakshasa
  2993 | D:3      | Noticed barb4r1an's ghost (weakling DDBe)
  3596 | D:3      | Gained mutation: You have very sharp fingernails. [demonic ancestry]
  3596 | D:3      | Reached XP level 5. HP: 43/43 MP: 5/5
  3617 | D:3      | Reached skill level 5 in Fighting
  4556 | D:3      | Noticed an ogre
  4577 | D:3      | Killed an ogre
  4577 | D:3      | Reached skill level 6 in Fighting
  4577 | D:3      | Reached XP level 6. HP: 30/52 MP: 6/6
  5113 | D:4      | Noticed Dowan
  5114 | D:4      | Noticed Duvessa
  5152 | D:4      | Killed Dowan
  5448 | D:4      | Noticed Vojta's ghost (amateur HECj)
  5479 | D:4      | Killed Vojta's ghost
  5479 | D:4      | Reached skill level 7 in Fighting
  5800 | D:4      | Gained mutation: When hurt, damage is shared between your health and your magic reserves. [demonic ancestry]
  5800 | D:4      | Reached XP level 7. HP: 22/60 MP: 7/7
  6081 | D:4      | Reached skill level 1 in Spellcasting
  6878 | D:4      | HP: 1/60 [orc/flail (3)]
  6878 | D:4      | Slain by Duvessa

Vault maps used:
D:1:      ldierk_walled_garden_2, hex_medium, nrook_loot_triangle
D:2:      gammafunk_pakellas_cloud_experiment
D:3:      first_bread, serial_bayou_pond_b, hex_tiny, minmay_joined_circles
D:4:      kennysheep_big_flooded_room, uniq_duvessa

Skill      XL: |  1  2  3  4  5  6  7 |
---------------+----------------------+-----
Fighting       | 2 3 4 6 7 |  7.4
Spellcasting   | 3 |  3.3
Long Blades    | |  1.0
Axes           | |  1.7
Throwing       | |  1.0
Armour         | |  1.0
Dodging        | |  1.7
Stealth        | |  1.0
Evocations     | |  1.0

Action                   |  1- 3 |  4- 6 |  7- 9 || total
-------------------------+-------+-------+-------++-------
Melee: Hand axe          |    61 |       |       ||    61
       Mace              |    45 |   288 |    95 ||   428
Throw: Throwing net      |     3 |     2 |       ||     5
  Use: Potion            |     4 |     3 |       ||     7
       Scroll            |       |     7 |     1 ||     8
  Eat: Chunk             |     3 |    12 |     4 ||    19
